Unix NetHack Version 5.0.0-0 post-release - last build Jun 10 2026 00:39:30 (3ee93aec679c4c4259841fe613dc97188e26a321,branch:main).

Game began 2026-06-26 21:49:32, ended 2026-06-26 23:16:20.

Daltwisney, chaotic female elven Wizard

                        --------------------------------
                       #|...............................
                       #-%-+------    ----    --+----- |
                       #|.|
                       #|*|
                       #|.|      |
                       #|.|-----.-
                       #|%| .-)..
                      ##|.|  |@-
                     # #|)----.|
            -------  # #|..).%)|
            |......### #|.-+----
            |.....| ## #|.|
            |.....-#####|.|
            -...<.| ##  |.-
            |......     |.
            -------     ---

Daltwisney the Thaumaturge  St:11 Dx:9 Co:13 In:20 Wi:12 Ch:11  Chaotic
Dlvl:5  $:0  HP:0(46) Pw:3(81) AC:7  Xp:6 T:2677 

Latest messages:
 In what direction? 8
 You kill the gnome!
 The rothe hits!
 The rothe just misses!
 The rothe bites!
 In what direction? 8
 The dagger misses the rothe.
 In what direction? 8
 The spell hits the rothe!
 You kill the rothe!
 The spell misses the monkey.
 In what direction? 8
 The spell hits the monkey!
 The monkey hits!
 The monkey takes off your blessed +3 cloak of magic resistance.
 The monkey stole a blessed +3 cloak of magic resistance.
 The monkey tries to run away with your cloak of magic resistance.
 You kill the monkey!
 The gnomish wizard casts a spell at you!
 Your brain is on fire!
 b - a blessed +3 cloak of magic resistance.
 The gnomish wizard points at you, then curses.
 The gnomish wizard points at you, then curses.
 What do you want to zap? [crA or ?*] r
 In what direction? 9
 You kill the gnomish wizard!
 The door splinters!
 Izchak appears close by!
 Izchak shouts:
 "Who dared destroy my door?"
 Izchak is after your hide, not your gold!
 Besides, you don't have enough to interest him.
 Izchak zaps a maple wand!
 The wand misses you.
 What do you want to zap? [crA or ?*] r
 In what direction? 9
 The bolt of lightning hits Izchak!
 The bolt of lightning bounces!
 Izchak drinks a dark potion!
 Izchak can see again.
 Izchak looks much better.
 Izchak zaps a maple wand!
 The wand hits you!
 You die...
 Izchak takes all your possessions.
 Do you want to see what you had when you died? [ynq] (y) y
 Do you want to see your attributes? [ynq] (y) n
 Do you want an account of creatures vanquished? [ynaq] (y) n
 Do you want to see your conduct and achievements? [ynq] (y) n
 Do you want to see the dungeon overview? [ynq] (y) n

Inventory:
 Weapons  (')')
  C - 10 +0 darts
  F - 4 +2 daggers
  D - a +0 orcish dagger
  v - a +0 aklys
  a - a blessed +1 quarterstaff (weapon in hands)
 Armor    ('[')
  f - an uncursed +0 dwarvish iron helm
  w - an uncursed +0 orcish helm (being worn)
  j - a blessed +2 pair of iron shoes
  t - a blessed +1 pair of water walking boots (being worn)
  b - a blessed +3 cloak of magic resistance
 Comestibles  ('%')
  E - an uncursed tripe ration
 Scrolls  ('?')
  h - an uncursed scroll of create monster
  i - an uncursed scroll of earth
  s - an uncursed scroll of genocide
  u - an uncursed scroll of magic mapping
  o - an uncursed scroll of teleportation
 Spellbooks  ('+')
  k - a blessed spellbook of force bolt
  l - an uncursed spellbook of stone to flesh
 Potions  ('!')
  y - an uncursed potion of healing
  g - an uncursed potion of invisibility
  x - an uncursed potion of restore ability
 Rings    ('=')
  z - an uncursed ring of free action
  d - an uncursed ring of polymorph
  e - an uncursed ring of see invisible (on right hand)
 Wands    ('/')
  r - a cursed wand of lightning (0:4)
  A - a wand of make invisible (0:1)
  c - a wand of probing (0:4)
 Tools    ('(')
  p - an empty uncursed sack
  n - an uncursed wooden flute
  m - a magic marker (0:11)
  q - a +0 pick-axe

Daltwisney the Wizard's attributes:

Background:
 You were a Thaumaturge, a level 6 female elven Wizard.
 You were chaotic, on a mission for Anhur
 who was opposed by Ptah (lawful) and Thoth (neutral).
 You were right-handed.
 You were in the Gnomish Mines, on level 5.
 You entered the dungeon 2677 turns ago.
 It was nighttime.
 You had 565 experience points, 75 more were needed to attain level 7.

Basics:
 You had 0 out of 46 hit points.
 You had 3 out of 81 energy points (spell power).
 Your armor class was 7.
 Your wallet was empty.
 Autopickup was off.

Final Characteristics:
 Your strength was 11 (limit:18).
 Your dexterity was 9 (limit:18).
 Your constitution was 13 (limit:16).
 Your intelligence was 20 (limit:20).
 Your wisdom was 12 (limit:20).
 Your charisma was 11 (limit:18).

Final Status:
 You weren't hungry.
 You were unencumbered.
 You were wielding a quarterstaff.
 You had basic skill with quarterstaff.

Final Attributes:
 You were piously aligned.
 You were sleep resistant.
 You saw invisible.
 You were telepathic.
 You had infravision.
 You could walk on water.
 You are dead.

Miscellaneous:
 You didn't encounter any bones levels.
 Total elapsed playing time was 1 hour, 3 minutes and 9 seconds.

Major events:
 Turn
    1: Daltwisney the chaotic female elven Wizard entered the dungeon
  826: attained the rank of Conjurer (level 3)
 1511: read a Discworld novel
 2229: entered the Gnomish Mines
 2392: attained the rank of Thaumaturge (level 6)
 2604: reached Mine Town
 2677: killed by a wand

Spells:
 Name                 Level Category     Fail Retention
 force bolt             1   attack         0%   81%-90%
 stone to flesh         3   healing       66%  76%-100%
 light                  1   divination     0%  76%-100%
 detect food            2   divination    34%  76%-100%

Skills:
 Fighting Skills
   bare handed combat [Unskilled]
   riding             [Unskilled]
 Weapon Skills
   dagger             [Unskilled]
   knife              [Unskilled]
   axe                [Unskilled]
   short sword        [Unskilled]
   club               [Unskilled]
   mace               [Unskilled]
   quarterstaff       [Basic]
   polearms           [Unskilled]
   spear              [Unskilled]
   trident            [Unskilled]
   sling              [Unskilled]
   dart               [Unskilled]
   shuriken           [Unskilled]
 Spellcasting Skills
   attack spells      [Basic]
   healing spells     [Unskilled]
   divination spells  [Unskilled]
   enchantment spells [Basic]
   clerical spells    [Unskilled]
   escape spells      [Unskilled]
   matter spells      [Unskilled]

Voluntary challenges:
 Character rerolling was not enabled.
 You never genocided any monsters.
 You never polymorphed an object.
 You never changed form.
 You used no wishes.
Achievements:
 You attained the rank of Conjurer.
 You entered a shop.
 You read from a Discworld novel.
 You entered the Gnomish Mines.
 You attained the rank of Thaumaturge.
 You entered Minetown.

 The Dungeons of Doom: levels 1 to 6
    Level 1:
       A fountain.
    Level 2:
       A general store, an altar.
       Stairs down to The Gnomish Mines.
    Level 3:
       A bookstore, a fountain.
    Level 4:
       An altar to Anhur, a fountain.
    Level 5:
       An altar, a fountain, a sink.
    Level 6:
 The Gnomish Mines: levels 3 to 5
    Level 3:
    Level 4:
    Level 5: <- You were here.
       Final resting place for
          you, killed by a wand.


Vanquished creatures:
  a giant mimic
  a leprechaun
 an orc shaman
  a rock mole
  a yellow light
  3 gnome leaders
  2 gnomish wizards
  2 floating eyes
  a kitten
  3 dwarves
  a kobold shaman
  3 rothes
  a centipede
  5 monkeys
 an orc zombie
  a coyote
  2 hobbits
  a hobgoblin
  a giant rat
  a cave spider
 17 gnomes
  2 gnome zombies
  2 geckos
  3 jackals
  2 foxes
  2 goblins
  5 sewer rats
  a kobold zombie
  a newt
68 creatures vanquished.

No species were genocided or became extinct.

Game over:
                       ----------
                      /          \
                     /    REST    \
                    /      IN      \
                   /     PEACE      \
                  /                  \
                  |    Daltwisney    |
                  |       0 Au       |
                  | killed by a wand |
                  |                  |
                  |                  |
                  |                  |
                  |       2026       |
                 *|     *  *  *      | *
        _________)/\\_//(\/(/\)/\//\/|_)_______

Goodbye Daltwisney the Wizard...

You died in The Gnomish Mines on dungeon level 5 with 2520 points,
and 0 pieces of gold, after 2677 moves.
You were level 6 with a maximum of 46 hit points when you died.

